 Dungeon Crawl Stone Soup version 0.18.1-48-g4cf74bf (webtiles) character file.

6 roguesci the Grave Robber (level 1, -2/9 HPs)
             Began as a Vine Stalker Necromancer on July 21, 2016.
             Slain by a rat (3 damage)
             ... on level 1 of the Dungeon.
             The game lasted 00:01:34 (188 turns).

roguesci the Grave Robber (Vine Stalker Necromancer) Turns: 188, Time: 00:01:35

Health: -2/9       AC:  2    Str: 10    XL:     1   Next: 90%
Magic:  0/4        EV: 12    Int: 15    God:
Gold:   16         SH:  0    Dex: 14    Spells: 1 memorised, 3 levels left

rFire  . . .     SeeInvis .     (no weapon)
rCold  . . .     Gourm    .     a - +0 robe
rNeg   . . .     Faith    .     (no shield)
rPois  .         Spirit   +     (no helmet)
rElec  .         Dismiss  .     (no cloak)
rCorr  .         Reflect  .     (no gloves)
SustAt .         Harm     .     (no boots)
MR     .....                    (no amulet)
Stlth  ++........               (no ring)
                                (no ring)

@: very slightly contaminated, not resistant to hostile enchantments, unstealthy
A: fangs 2, regeneration 1, magic shield, antimagic bite, no device heal 3, rot
immunity
a: no special abilities


You were on level 1 of the Dungeon.
You were not hungry.

You visited 1 branch of the dungeon, and saw 1 of its levels.

You collected 16 gold pieces.

Inventory:

Missiles
 f - 24 sling bullets
Armour
 a - a +0 robe (worn)
Scrolls
 d - a scroll of identify {unknown}
 i - a scroll of enchant armour {unknown}
Potions
 e - a potion of degeneration {unknown}
 h - a potion of haste {unknown}
Books
 b - a book of Necromancy

   Spells                             Type                      Level
   a - Pain                           Necromancy                   1
   b - Animate Skeleton               Necromancy                   1
   c - Vampiric Draining              Necromancy                   3
   d - Regeneration                   Charms/Necromancy            3
   e - Animate Dead                   Necromancy                   4
   f - Control Undead                 Necromancy                   4
Comestibles
 c - a bread ration
 g - 2 chunks of flesh


   Skills:
 * Level 0.3 Fighting
 + Level 0.0 Armour
 * Level 1.9 Dodging
 * Level 2.6 Stealth
 * Level 0.0 Unarmed Combat
 + Level 2.1 Spellcasting
 + Level 4.0 Necromancy


You had 3 spell levels left.
You knew the following spells:

 Your Spells              Type           Power        Failure   Level  Hunger
a - Pain                  Necr           ##..         4%          1    #......


Dungeon Overview and Level Annotations

Branches:
Dungeon (1/15)

Altars:


Innate Abilities, Weirdness & Mutations

You have extremely sharp teeth.
Your natural rate of healing is unusually fast.
When hurt, damage is shared between your health and your magic reserves.
Your bite disrupts and absorbs the magic of your enemies.
Potions and wands cannot restore your health.
You are immune to rotting.


Message History

Casting: Pain
Confirm with . or Enter, or press ? or * to list all spells.
Aiming: Pain
Press: ? - help, Shift-Dir - straight line, f/p - giant gecko
Aim: a giant gecko (moderately wounded, chance to defeat MR: 91%)
The giant gecko convulses in agony!
The giant gecko misses you.
The giant gecko bites you but does no damage.
Casting: Pain
Confirm with . or Enter, or press ? or * to list all spells.
Aiming: Pain
Press: ? - help, Shift-Dir - straight line, f/p - giant gecko
Aim: a giant gecko (moderately wounded, chance to defeat MR: 91%)
The giant gecko convulses in agony!
The giant gecko closely misses you. The rat bites you.
You hit the giant gecko. Your bite misses the giant gecko.
The giant gecko is almost dead.
The giant gecko bites you.
* * * LOW HITPOINT WARNING * * *
The rat bites you.
You die...

#.# #.# .# #.# s# #.#
#####.#####
###.######.........#########
#................#..........
#.#.#####........#..........
#.#.....#........#.........(
#.#.##.##..@l....#.†........
#.#.....#...r....#..........
#.......#........#.###...###
###.###.#........#.###...###
#######.....#..###+###..(.......
..........).#..###....##########
..........#.#..#.+..............
.########...#..#.#÷...#########.
#.............................


You could see a giant gecko, a giant cockroach (sleeping) and a rat.

Vanquished Creatures
  2 hobgoblins (D:1)
  A kobold (D:1)
  A bat (D:1)
  A giant newt (D:1)
  A rat (D:1)
6 creatures vanquished.

Notes
Turn   | Place    | Note
--------------------------------------------------------------
     0 | D:1      | roguesci the Vine Stalker Necromancer began the quest for the Orb.
     0 | D:1      | Reached XP level 1. HP: 9/9 MP: 4/4
   188 | D:1      | Slain by a rat

Action                   || total
-------------------------++-------
Melee: Unarmed           ||    18
       Bite              ||     3
 Cast: Pain              ||     4
Armor: Robe              ||     6
Dodge: Dodged            ||    10
